| TOP OF THE 1ST |
|
Columbus Jets batting - Pitching for Louisville Stallions : RHP Roger Alexander
|
|
Pitching: RHP Roger Alexander
|
|
|
Batting: RHB Greg Schultz
|
0-0: Swinging Strike 0-1: Swinging Strike 0-2: Ball 1-2: Ball 2-2: Ground out 5-3 (Groundball, 56S, EV 68.8 MPH)
|
|
Batting: RHB Jim Maler
|
0-0: Called Strike 0-1: Fly out, F3 (Popup, 3S, EV 85.0 MPH)
|
|
Batting: RHB Danny Tartabull
|
0-0: Called Strike 0-1: Swinging Strike 0-2: Foul Ball, location: 2F 0-2: Strikes out swinging
|
| Top of the 1st over - 0 runs, 0 hits, 0 errors, 0 left on base; Columbus 0 - Louisville 0 |
| BOTTOM OF THE 1ST |
|
Louisville Stallions batting - Pitching for Columbus Jets : LHP Larry Edwards
|
|
Pitching: LHP Larry Edwards
|
|
|
Batting: RHB Stephen Dembowski
|
0-0: Ball 1-0: Ball 2-0: Ball 3-0: Base on Balls
|
|
Batting: LHB Mauricio Gracia
|
0-0: Ball 1-0: Ball 2-0: Foul Ball, location: 2F 2-1: Ball 3-1: DOUBLE (Line Drive, 8RXD, EV 98.1 MPH) Stephen Dembowski to third Stephen Dembowski scores
|
|
Batting: LHB Claudell Washington
|
0-0: Ball 1-0: Foul Ball, location: 2F 1-1: SINGLE (Line Drive, 5L, EV 98.1 MPH) Mauricio Gracia to third
|
|
Batting: RHB Devin Pike
|
0-0: Ball 1-0: Called Strike 1-1: Ball Claudell Washington is caught stealing 2nd base 2-4 2-1: Ball 3-1: Fly out, F8 (Flyball, 8RD, EV 97.5 MPH) Runner from 3rd tags up, SCORES, no throw by CF
|
|
Batting: SHB Gerald DeSimone
|
0-0: Ball 1-0: Fly out, F8 (Line Drive, 8RM, EV 107.5 MPH)
|
| Bottom of the 1st over - 2 runs, 2 hits, 0 errors, 0 left on base; Columbus 0 - Louisville 2 |
| TOP OF THE 2ND |
|
Columbus Jets batting - Pitching for Louisville Stallions : RHP Roger Alexander
|
|
Batting: LHB Paul Hollins
|
0-0: Ball 1-0: Ball 2-0: Called Strike 2-1: Ground out 4-3 (Groundball, 34D, EV 90.0 MPH)
|
|
Batting: RHB Jackie Gutierrez
|
0-0: Ball 1-0: Called Strike 1-1: Ground out 6-3 (Groundball, 6S, EV 86.3 MPH)
|
|
Batting: RHB Glenn Goya
|
0-0: Ball 1-0: Foul Ball, location: 2F 1-1: Swinging Strike 1-2: Strikes out swinging
|
| Top of the 2nd over - 0 runs, 0 hits, 0 errors, 0 left on base; Columbus 0 - Louisville 2 |
| BOTTOM OF THE 2ND |
|
Louisville Stallions batting - Pitching for Columbus Jets : LHP Larry Edwards
|
|
Batting: LHB Ted May
|
0-0: Called Strike 0-1: Ball 1-1: SINGLE (Groundball, 4MD, EV 104.4 MPH)
|
|
Batting: LHB Steven Mobberley
|
0-0: Foul Ball, location: 2F 0-1: Foul Ball, location: 2F 0-2: Ball 1-2: Grounds into double play, 4-6-3 (Groundball, 4, EV 86.9 MPH)
|
|
Batting: LHB Joe Lefebvre
|
0-0: Ball 1-0: Swinging Strike 1-1: Ball 2-1: Ground out 4-3 (Groundball, 4, EV 91.3 MPH)
|
| Bottom of the 2nd over - 0 runs, 1 hit, 0 errors, 0 left on base; Columbus 0 - Louisville 2 |
| TOP OF THE 3RD |
|
Columbus Jets batting - Pitching for Louisville Stallions : RHP Roger Alexander
|
|
Batting: RHB Jorge Martinez
|
0-0: Swinging Strike 0-1: Called Strike 0-2: Ball 1-2: Ball 2-2: Ball 3-2: Foul Ball, location: 2F 3-2: Base on Balls
|
|
Batting: LHB Mike Lebo
|
0-0: Called Strike 0-1: Ball 1-1: Foul Ball, location: 2F 1-2: Foul Ball, location: 2F 1-2: Foul Ball, location: 2F 1-2: Ball 2-2: SINGLE (Flyball, 5D, EV 93.8 MPH) Jorge Martinez to second
|
|
Batting: LHB Craig Brooks
|
0-0: Called Strike 0-1: Foul Ball, location: 2F 0-2: Foul Ball, location: 2F 0-2: Ball 1-2: Ball 2-2: Strikes out looking
|
|
Batting: RHB Greg Schultz
|
0-0: Foul Ball, location: 2F 0-1: Ball 1-1: Foul Ball, location: 2F 1-2: Strikes out swinging
|
|
Batting: RHB Jim Maler
|
0-0: Ball 1-0: Ball 2-0: Ball 3-0: Called Strike 3-1: Fly out, F5 (Flyball, 5D, EV 88.1 MPH)
|
| Top of the 3rd over - 0 runs, 1 hit, 0 errors, 2 left on base; Columbus 0 - Louisville 2 |
| BOTTOM OF THE 3RD |
|
Louisville Stallions batting - Pitching for Columbus Jets : LHP Larry Edwards
|
|
Batting: RHB Kiko Garcia
|
0-0: Ball 1-0: Ground out 6-3 (Groundball, 6, EV 82.5 MPH)
|
|
Batting: RHB Stephen Dembowski
|
0-0: Ball 1-0: Called Strike 1-1: Swinging Strike 1-2: Foul Ball, location: 2F 1-2: Foul Ball, location: 2F 1-2: Ball 2-2: Foul Ball, location: 2F 2-2: Strikes out swinging
|
|
Batting: LHB Mauricio Gracia
|
0-0: Ball 1-0: Foul Ball, location: 2F 1-1: Ball 2-1: Fly out, F9 (Flyball, 9LS, EV 90.6 MPH)
|
| Bottom of the 3rd over - 0 runs, 0 hits, 0 errors, 0 left on base; Columbus 0 - Louisville 2 |
| TOP OF THE 4TH |
|
Columbus Jets batting - Pitching for Louisville Stallions : RHP Roger Alexander
|
|
Batting: RHB Danny Tartabull
|
0-0: Called Strike 0-1: Ball 1-1: Ball 2-1: Ball 3-1: Fly out, F8 (Flyball, 8LM, EV 71.3 MPH)
|
|
Batting: LHB Paul Hollins
|
0-0: Foul Ball, location: 2F 0-1: Ball 1-1: Swinging Strike 1-2: Ball 2-2: Ball 3-2: Foul Ball, location: 2F 3-2: Fly out, F7 (Flyball, 78M, EV 90.0 MPH)
|
|
Batting: RHB Jackie Gutierrez
|
0-0: Swinging Strike 0-1: Ball 1-1: Called Strike 1-2: Fly out, F8 (Flyball, 8RD, EV 90.6 MPH)
|
| Top of the 4th over - 0 runs, 0 hits, 0 errors, 0 left on base; Columbus 0 - Louisville 2 |
| BOTTOM OF THE 4TH |
|
Louisville Stallions batting - Pitching for Columbus Jets : LHP Larry Edwards
|
|
Batting: LHB Claudell Washington
|
0-0: Foul Ball, location: 2F 0-1: Called Strike 0-2: DOUBLE (Groundball, 3L, EV 98.1 MPH)
|
|
Batting: RHB Devin Pike
|
0-0: Ball 1-0: Ball 2-0: Ball 3-0: Called Strike 3-1: Called Strike 3-2: Foul Ball, location: 2F 3-2: Base on Balls
|
|
Batting: SHB Gerald DeSimone
|
0-0: Called Strike 0-1: Ball 1-1: Swinging Strike 1-2: Ball 2-2: Strikes out looking
|
|
Batting: LHB Ted May
|
0-0: Ball 1-0: Foul Ball, location: 2F 1-1: Ball 2-1: Ball 3-1: Foul Ball, location: 2F 3-2: Base on Balls Claudell Washington to third Devin Pike to second
|
|
Batting: LHB Steven Mobberley
|
0-0: Called Strike 0-1: Ball 1-1: Swinging Strike 1-2: Ball 2-2: Grounds into double play, 4-2-3 (Groundball, 4, EV 102.5 MPH)
|
| Bottom of the 4th over - 0 runs, 1 hit, 0 errors, 2 left on base; Columbus 0 - Louisville 2 |
| TOP OF THE 5TH |
|
Columbus Jets batting - Pitching for Louisville Stallions : RHP Roger Alexander
|
|
Batting: RHB Glenn Goya
|
0-0: Called Strike 0-1: Swinging Strike 0-2: Strikes out swinging
|
|
Batting: RHB Jorge Martinez
|
0-0: Ball 1-0: Foul Ball, location: 2F 1-1: Called Strike 1-2: Hit by Pitch
|
|
Batting: LHB Mike Lebo
|
0-0: Fly out, F7 (Flyball, 7LM, EV 89.4 MPH)
|
|
Batting: LHB Craig Brooks
|
0-0: Called Strike 0-1: Ball 1-1: Swinging Strike 1-2: Foul Ball, location: 2F 1-2: Foul Ball, location: 2F 1-2: Foul Ball, location: 2F 1-2: Strikes out looking
|
| Top of the 5th over - 0 runs, 0 hits, 0 errors, 1 left on base; Columbus 0 - Louisville 2 |
| BOTTOM OF THE 5TH |
|
Louisville Stallions batting - Pitching for Columbus Jets : LHP Larry Edwards
|
|
Batting: LHB Joe Lefebvre
|
0-0: Ball 1-0: Ball 2-0: Ball 3-0: Called Strike 3-1: Fly out, F5 (Popup, 5F, EV 63.8 MPH)
|
|
Batting: RHB Kiko Garcia
|
0-0: Ball 1-0: Ball 2-0: Ball 3-0: Base on Balls
|
|
Batting: RHB Stephen Dembowski
|
0-0: Ball 1-0: Called Strike 1-1: Swinging Strike 1-2: Foul Ball, location: 2F 1-2: Ball 2-2: Ball Kiko Garcia steals 2nd base 3-2: Intentional Walk
|
|
Batting: LHB Mauricio Gracia
|
0-0: Ball 1-0: Foul Ball, location: 2F 1-1: Ball 2-1: Ball 3-1: SINGLE (Line Drive, 56D, EV 103.8 MPH) Kiko Garcia to third Stephen Dembowski to second Runner from 3rd tries for Home, throw by LF and OUT! 7-2 Stephen Dembowski to third Mauricio Gracia to second
|
|
Batting: LHB Claudell Washington
|
0-0: Called Strike 0-1: Ball 1-1: Called Strike 1-2: Ball 2-2: Ball 3-2: Foul Ball, location: 2F 3-2: Fly out, F5 (Popup, 15, EV 84.4 MPH)
|
| Bottom of the 5th over - 0 runs, 1 hit, 0 errors, 2 left on base; Columbus 0 - Louisville 2 |
| TOP OF THE 6TH |
|
Columbus Jets batting - Pitching for Louisville Stallions : RHP Roger Alexander
|
|
Batting: RHB Greg Schultz
|
0-0: Ball 1-0: Ball 2-0: Ball 3-0: Called Strike 3-1: Called Strike 3-2: Strikes out swinging
|
|
Batting: RHB Jim Maler
|
0-0: Ground out 6-3 (Groundball, 6, EV 83.1 MPH)
|
|
Batting: RHB Danny Tartabull
|
0-0: Called Strike 0-1: Foul Ball, location: 2F 0-2: DOUBLE (Line Drive, 5D, EV 98.8 MPH)
|
|
Batting: LHB Paul Hollins
|
0-0: Ball 1-0: Called Strike 1-1: Called Strike Balk! Danny Tartabull to third 1-2: Foul Ball, location: 2F 1-2: Ball 2-2: Ball 3-2: Foul Ball, location: 2F 3-2: Strikes out swinging
|
| Top of the 6th over - 0 runs, 1 hit, 0 errors, 1 left on base; Columbus 0 - Louisville 2 |
| BOTTOM OF THE 6TH |
|
Louisville Stallions batting - Pitching for Columbus Jets : LHP Larry Edwards
|
|
Batting: RHB Devin Pike
|
0-0: Ball 1-0: Foul Ball, location: 2F 1-1: Fly out, F8 (Line Drive, 8RD, EV 90.0 MPH)
|
|
Batting: SHB Gerald DeSimone
|
0-0: Called Strike 0-1: Ball 1-1: Ball 2-1: Ball 3-1: Foul Ball, location: 2F 3-2: Base on Balls
|
|
Batting: LHB Ted May
|
0-0: Called Strike 0-1: Foul Ball, location: 2F 0-2: Ball 1-2: Grounds into double play, 5-4-3 (Groundball, 56, EV 79.4 MPH)
|
| Bottom of the 6th over - 0 runs, 0 hits, 0 errors, 0 left on base; Columbus 0 - Louisville 2 |
| TOP OF THE 7TH |
|
Columbus Jets batting - Pitching for Louisville Stallions : RHP Roger Alexander
|
|
Batting: RHB Jackie Gutierrez
|
0-0: Called Strike 0-1: SOLO HOME RUN (Flyball, 7D, EV 106.9 MPH), Distance : 365 ft
|
|
Batting: RHB Glenn Goya
|
0-0: Ball 1-0: Ball 2-0: Ball 3-0: Called Strike 3-1: Ground out 6-3 (Groundball, 56, EV 103.1 MPH)
|
|
Batting: RHB Jorge Martinez
|
0-0: Ball 1-0: Foul Ball, location: 2F 1-1: Fly out, F8 (Flyball, 78XD, EV 105.0 MPH)
|
|
Batting: LHB Mike Lebo
|
0-0: Foul Ball, location: 2F 0-1: Ball 1-1: Ball 2-1: Foul Ball, location: 2F 2-2: Strikes out swinging
|
| Top of the 7th over - 1 run, 1 hit, 0 errors, 0 left on base; Columbus 1 - Louisville 2 |
| BOTTOM OF THE 7TH |
|
Louisville Stallions batting - Pitching for Columbus Jets : LHP Larry Edwards
|
|
Batting: LHB Steven Mobberley
|
0-0: Called Strike 0-1: Swinging Strike 0-2: Ball 1-2: Ball 2-2: Strikes out swinging, 2-3 out at first.
|
|
Batting: LHB Joe Lefebvre
|
0-0: Fly out, F6 (Flyball, 5D, EV 97.5 MPH)
|
|
Batting: RHB Kiko Garcia
|
0-0: Ball 1-0: Called Strike 1-1: Ground out U3 (Groundball, 3, EV 86.9 MPH)
|
| Bottom of the 7th over - 0 runs, 0 hits, 0 errors, 0 left on base; Columbus 1 - Louisville 2 |
| TOP OF THE 8TH |
|
Columbus Jets batting - Pitching for Louisville Stallions : RHP Roger Alexander
|
|
Batting: LHB Craig Brooks
|
0-0: Ball 1-0: Ball 2-0: Ball 3-0: Base on Balls
|
|
Pinch Hitting: LHB Larry Sheets
|
0-0: Ball 1-0: Fly out, F8 (Flyball, 78M, EV 93.8 MPH)
|
|
Batting: RHB Jim Maler
|
0-0: Fly out, F8 (Line Drive, 8LD, EV 95.0 MPH)
|
|
Batting: RHB Danny Tartabull
|
0-0: Ball 1-0: Called Strike 1-1: Fly out, F8 (Flyball, 78D, EV 90.6 MPH)
|
| Top of the 8th over - 0 runs, 0 hits, 0 errors, 1 left on base; Columbus 1 - Louisville 2 |
| BOTTOM OF THE 8TH |
|
Louisville Stallions batting - Pitching for Columbus Jets : LHP Larry Edwards
|
|
Pitching: RHP Chuck Crim
|
|
|
Now at 3B: Dave Bialas
|
|
|
Batting: RHB Stephen Dembowski
|
0-0: Swinging Strike 0-1: Ball 1-1: Ground out 3-1 (Groundball, 34S, EV 79.4 MPH)
|
|
Batting: LHB Mauricio Gracia
|
0-0: Ball 1-0: Ball 2-0: Swinging Strike 2-1: Ball 3-1: SINGLE (Line Drive, 89S, EV 86.3 MPH)
|
|
Batting: LHB Claudell Washington
|
0-0: Ball Mauricio Gracia steals 2nd base 1-0: Intentional Walk
|
|
Batting: RHB Devin Pike
|
0-0: Ball 1-0: Ball 2-0: Called Strike Mauricio Gracia steals 3rd base Claudell Washington to second 2-1: Fly out, F7 (Flyball, 7D, EV 103.8 MPH) Runner from 3rd tags up, SCORES, no throw by LF
|
|
Batting: SHB Gerald DeSimone
|
0-0: Swinging Strike 0-1: Ball 1-1: Called Strike 1-2: Ball 2-2: Ball 3-2: Strikes out swinging
|
| Bottom of the 8th over - 1 run, 1 hit, 0 errors, 1 left on base; Columbus 1 - Louisville 3 |
| TOP OF THE 9TH |
|
Columbus Jets batting - Pitching for Louisville Stallions : RHP Roger Alexander
|
|
Pitching: LHP Phil Nastu
|
|
|
Batting: LHB Paul Hollins
|
0-0: Ball 1-0: Swinging Strike 1-1: Fly out, F8 (Flyball, 8LXD, EV 98.8 MPH)
|
|
Batting: RHB Jackie Gutierrez
|
0-0: SINGLE (Groundball, 6D, EV 95.0 MPH)
|
|
Batting: RHB Glenn Goya
|
0-0: Foul Ball, location: 2F 0-1: Foul Ball, location: 2F 0-2: Foul Ball, location: 2F 0-2: Foul Ball, location: 2F 0-2: Fly out, F8 (Flyball, 8LD, EV 98.1 MPH)
|
|
Batting: RHB Jorge Martinez
|
0-0: Foul Ball, location: 2F 0-1: DOUBLE (Line Drive, 9LM, EV 110.6 MPH) Jackie Gutierrez to third
|
|
Pinch Hitting: RHB Michael Ventress
|
0-0: Called Strike 0-1: Ground out 4-3 (Groundball, 4, EV 86.9 MPH)
|
| Top of the 9th over - 0 runs, 2 hits, 0 errors, 2 left on base; Columbus 1 - Louisville 3 |
|